 Dungeon Crawl Stone Soup version 0.28.0-53-g5a82cb258f (webtiles) character file.

Game seed: 7356942470582535783

10558 Jerry the Fighter (level 11, -6/60 HPs)
             Began as a Vine Stalker Fighter on July 30, 2022.
             Was a Priest of Uskayaw.
             Mangled by an ogre
             ... wielding a +0 giant spiked club
              (11 damage)
             ... on level 1 of the Orcish Mines.
             The game lasted 00:33:16 (9529 turns).

Jerry the Fighter (Vine Stalker Fighter)            Turns: 9529, Time: 00:33:18

Health: -6/60      AC: 12    Str: 19    XL:     11   Next: 64%
Magic:  0/26       EV:  7    Int: 11    God:    Uskayaw [***...]
Gold:   935        SH:  7    Dex: 20    Spells: 10/10 levels left

rFire   . . .      SeeInvis +   a - +2 rapier
rCold   . . .      Faith    +   c - +1 buckler
rNeg    . . .      Spirit   +   t - +3 chain mail of Hiddobru {Fly Int+3}
rPois   .          Reflect  .   (no helmet)
rElec   .          Harm     .   v - +0 cloak
rCorr   .          Rampage  .   (no gloves)
Will    +....                   p - +0 pair of boots
Stlth   ..........              u - amulet of faith
HPRegen 1.00/turn               b - ring of see invisible
MPRegen 0.20/turn               q - ring of magical power

@: marked, flying
A: fangs 3, regeneration 1, magic shield, antimagic bite, no potion heal 2,
agile 1, deformed body
a: Renounce Religion, Stomp, Line Pass


You were on level 1 of the Orcish Mines.
You worshipped Uskayaw.
Uskayaw was noncommittal.
You visited 3 branches of the dungeon, and saw 12 of its levels.

You collected 1081 gold pieces.
You spent 146 gold pieces at shops.

Inventory:

Hand Weapons
 a - a +2 rapier (weapon)
Armour
 c - a +1 buckler (worn)
 p - a +0 pair of boots (worn)
 t - the +3 chain mail of Hiddobru (worn) {Fly Int+3}
   (You found it on level 4 of the Dungeon)

   Int:       It affects your intelligence (+3).
   Fly:       It grants you flight.
 v - a +0 cloak (worn)
Jewellery
 b - a ring of see invisible (left hand)
 q - a ring of magical power (right hand)
 u - an amulet of faith (around neck)
 y - a +4 ring of protection
Wands
 n - a wand of polymorph (6)
 r - a wand of iceblast (8)
Scrolls
 d - 2 scrolls of immolation
 f - 2 scrolls of holy word
 g - 2 scrolls of fear
 h - a scroll of blinking
 l - a scroll of enchant armour
 m - 4 scrolls of magic mapping
 s - 5 scrolls of teleportation
 w - 2 scrolls of identify
 x - a scroll of amnesia
Potions
 e - a potion of lignification
 i - a potion of flight
 j - a potion of brilliance
 k - a potion of resistance
 o - a potion of curing


   Skills:
 + Level 8.8 Fighting
 + Level 8.5 Short Blades
 + Level 8.0 Armour
 - Level 5.7 Shields
 + Level 7.1 Invocations


You had 10 spell levels left.
You didn't know any spells.
Your spell library contained the following spells:

 Spells                   Type           Power      Damage    Failure   Level
 Animate Skeleton         Necr           0%         N/A       99%         1
 Pain                     Necr           0%         1d4       99%         1
 Shock                    Conj/Air       0%         1d3       99%         1
 Corpse Rot               Necr/Air       0%         N/A       99%         2
 Poisonous Vapours        Pois/Air       0%         N/A       99%         2
 Dazzling Flash           Conj/Hex       0%         N/A       100%        3
 Swiftness                Air            0%         N/A       100%        3
 Vampiric Draining        Necr           0%         2d6       100%        3
 Airstrike                Air            0%         N/A       100%        4
 Iskenderun's Mystic Bla  Conj/Tloc      0%         2d3       100%        4
 Starburst                Conj/Fire      0%         6d3       100%        6


Dungeon Overview and Level Annotations

Branches:
Dungeon (9/15)             Temple (1/1) D:5            Lair (0/6) D:8
    Orc (2/2) D:9
    Elf: Orc:2

Altars:
Ashenzari
Cheibriados
Dithmenos
Elyvilon
Fedhas
Gozag
Kikubaaqudgha
Makhleb
Nemelex Xobeh
Okawaru
Qazlal
Trog
Uskayaw
Vehumet
Zin
The Shining One
Beogh

Shops:
D:2 =**   D:3 =   D:5 *

Annotations:
Orc:1 1 transporter


Innate Abilities, Weirdness & Mutations

You have razor-sharp teeth.
Your natural rate of healing is unusually fast.
When hurt, damage is shared between your health and your magic reserves.
Your bite disrupts and absorbs the magic of your enemies.
Potions cannot restore your health.
You are agile. (Dex +2)
Armour fits poorly on your strangely shaped body.


Message History

The orc knight roars a battlecry!
The orcs go into a battle-frenzy!
The orc shoots a bolt.
The bolt hits you!
There is a stone staircase leading up here.
The orc shoots a bolt.
The bolt closely misses you.
You fly upwards.
Level annotation: 1 transporter The ogre shouts!
The troll shouts!
The ogre shouts!
A sourceless malevolence fills the Orcish Mines...
With a horrendous wail, an alarm goes off!
A sentinel's mark forms upon you.
Found 29 gold pieces.
There is a stone staircase leading down here.
You can no longer pass through a line of other dancers.
You block the ogre's attack.
You puncture the ogre!
The ogre is moderately wounded.
The ogre hits you with a +0 giant club!
You hit the ogre. You bite the ogre. You drain its power.
You feel invigorated.
The ogre is heavily wounded.
You can now pass through a line of other dancers.
You hit the ogre.
The ogre is heavily wounded.
You block the ogre's attack.
You hit the ogre.
The ogre is severely wounded.
The ogre hits you with a +0 giant spiked club!!
* * * LOW HITPOINT WARNING * * *
You block the ogre's attack.
You hit the ogre. You bite the ogre!
You kill the ogre!
Uskayaw will force your foes to helplessly watch your dance.
You hit the ogre. You bite the ogre! You drain its power.
You feel invigorated.
The ogre is moderately wounded.
You block the troll's attack. The troll claws you!
* * * LOW HITPOINT WARNING * * *
The troll claws you.
* * * LOW HITPOINT WARNING * * *
The ogre hits you with a +0 giant spiked club!
You die...

##......## ###.#...#
####.####........##
#.
###.#...............
#............##....
.##.....#......#.#...
.......#......#......
.......##..........#.
.......@#..T.........
......$OT....>......#
...................##
.................###
#..#.####..#..#.## ##
## #########


You could see a troll and an ogre.

Vanquished Creatures
  A centaur warrior (Orc:2)
  Pikel (D:4)
  Maurice (D:8)
  A kobold demonologist (D:8)
  2 komodo dragons (D:8)
  2 trolls
  A shadow (D:9)
  A yak (D:8)
  3 vampire mosquitoes (D:8)
  2 steam dragons
  A two-headed ogre zombie (D:9)
  2 wargs (Orc:1)
  20 orc warriors
  3 water moccasins (D:8)
  3 black bears (D:8)
  A hornet zombie (D:7)
  The ghost of Morge the Covered, an amateur MiFi of Vehumet (D:3)
  An ice beast (D:7)
  14 ogres
  A lemure (D:4)
  2 phantoms (D:9)
  8 centaurs
  A kobold brigand (D:8)
  3 bullfrogs
  A gnoll sergeant (D:8)
  A water moccasin zombie (D:6)
  A water moccasin skeleton (D:5)
  A troll zombie (D:9)
  4 killer bees (D:9)
  3 howler monkeys (D:9)
  A centaur zombie (D:8)
  4 jellies
  A bullfrog zombie (D:7)
  8 orc priests
  A hound (D:4)
  13 orc wizards
  A killer bee zombie (D:9)
  6 ogre zombies (D:9)
  A howler monkey zombie (D:9)
  13 adders
  4 gnolls (D:8)
  A howler monkey skeleton (D:3)
  4 worms
  2 dart slugs
  58 orcs
  3 bats
  10 endoplasms
  A giant cockroach (D:2)
  3 goblins
  8 hobgoblins
  5 jackals
  A quokka (D:3)
  10 ball pythons
  5 frilled lizards
  A goblin skeleton (D:9)
  A goblin zombie (D:9)
  A hobgoblin skeleton (D:9)
  3 hobgoblin zombies (D:9)
  9 kobolds
  4 orc skeletons (D:9)
  15 orc zombies (D:9)
  7 rats
292 creatures vanquished.

Vanquished Creatures (others)
  An orc (D:8)
  37 fungi (D:8)
  44 plants (D:8)
82 creatures vanquished.

Grand Total: 374 creatures vanquished

Notes
Turn   | Place    | Note
-------+----------+-------------------------------------------
     0 | D:1      | Jerry the Vine Stalker Fighter began the quest for the Orb.
     0 | D:1      | Reached XP level 1. HP: 11/11 MP: 2/2
   179 | D:1      | Reached XP level 2. HP: 7/16 MP: 3/3
   864 | D:1      | Reached XP level 3. HP: 20/20 MP: 4/4
  1239 | D:1      | Found a faded altar of an unknown god.
  1650 | D:2      | Found Wutuxuyg's Jewellery Boutique.
  1671 | D:2      | Found Nuwnybem's Assorted Antiques.
  1687 | D:2      | Found Tyalaerph's Assorted Antiques.
  1695 | D:2      | Bought a scroll labelled SIPRAL KASOMEE for 19 gold pieces
  1695 | D:2      | Bought a scroll labelled GUVIOM HOZUUCH for 19 gold pieces
  1695 | D:2      | Bought a scroll labelled GUVIOM HOZUUCH for 19 gold pieces
  2396 | D:3      | Gained mutation: Your natural rate of healing is unusually
                  | fast. [Vine Stalker growth]
  2396 | D:3      | Reached XP level 4. HP: 24/24 MP: 5/5
  2535 | D:3      | Reached XP level 5. HP: 24/28 MP: 4/6
  2793 | D:3      | Noticed an ogre
  2799 | D:3      | Killed an ogre
  2883 | D:3      | Reached XP level 6. HP: 29/33 MP: 7/7
  2911 | D:3      | Found Amimixeh's Jewellery Shop.
  2955 | D:3      | Found a runed translucent gate.
  2955 | D:3      | Noticed Morge's ghost (amateur MiFi)
  2958 | D:3      | Found a runed translucent gate.
  2959 | D:3      | Found a runed translucent gate.
  2970 | D:3      | Identified the +4 whip of the Whale {pain, rPois rC+
                  | Stlth-}
  2970 | D:3      | Identified the +1 chain mail "Buretaiv" {Str+3 Dex+3}
  3310 | D:3      | Killed Morge's ghost
  3852 | D:4      | Reached XP level 7. HP: 37/37 MP: 8/8
  4027 | D:4      | Identified the +3 chain mail of Hiddobru {Fly Int+3}
  4171 | D:5      | Entered Level 5 of the Dungeon
  4171 | D:5      | Found Pilyrre's Assorted Antiques.
  4211 | D:5      | Noticed Pikel
  4273 | D:4      | Killed Pikel
  4274 | D:4      | Reached skill level 5 in Fighting
  4274 | D:4      | Reached skill level 5 in Shields
  4274 | D:4      | Gained mutation: You have razor-sharp teeth. [Vine Stalker
                  | growth]
  4274 | D:4      | Reached XP level 8. HP: 36/43 MP: 5/9
  4319 | D:5      | Bought a scroll labelled HELLYOL QAMO for 31 gold pieces
  4319 | D:5      | Bought a scroll labelled ESAUKHL SIOXUNO for 31 gold pieces
  4319 | D:5      | Bought a grey potion for 27 gold pieces
  4331 | D:5      | Gained mutation: You have a pair of small horns on your
                  | head. [potion of mutation]
  4604 | D:5      | Found a sparkling altar of Nemelex Xobeh.
  4741 | D:5      | Found a staircase to the Ecumenical Temple.
  4751 | Temple   | Entered the Ecumenical Temple
  4863 | Temple   | Became a worshipper of Uskayaw the Reveller
  5012 | D:6      | Reached * piety under Uskayaw
  5020 | D:6      | Reached ** piety under Uskayaw
  5165 | D:6      | Reached skill level 5 in Short Blades
  5168 | D:6      | Reached *** piety under Uskayaw
  5170 | D:6      | Reached skill level 5 in Armour
  5616 | D:7      | Reached XP level 9. HP: 48/48 MP: 10/10
  5720 | D:7      | Reached skill level 1 in Invocations
  5942 | D:7      | Lost mutation: You have a pair of small horns on your head.
                  | [potion of mutation]
  5942 | D:7      | Gained mutation: Armour fits poorly on your strangely
                  | shaped body. [potion of mutation]
  5942 | D:7      | Gained mutation: You are agile. (Dex +2) [potion of
                  | mutation]
  6124 | D:8      | Noticed Maurice
  6245 | D:8      | Killed Maurice
  6513 | D:8      | Reached **** piety under Uskayaw
  6599 | D:8      | Reached ***** piety under Uskayaw
  6739 | D:8      | Reached XP level 10. HP: 50/53 MP: 13/13
  6837 | D:8      | Found a staircase to the Lair.
  7162 | D:9      | Noticed a kobold demonologist
  7184 | D:8      | Reached skill level 5 in Invocations
  7263 | D:8      | Killed a kobold demonologist
  7532 | D:9      | Found a staircase to the Orcish Mines.
  8039 | D:9      | Reached XP level 11. HP: 21/60 MP: 10/16
  8215 | Orc:1    | Entered Level 1 of the Orcish Mines
  8451 | Orc:1    | Found a transporter.
  8453 | Orc:1    | Noticed an orc high priest
  8454 | Orc:1    | Noticed a stone giant
  8455 | Orc:1    | Noticed a two-headed ogre
  8455 | Orc:1    | Noticed an orc knight
  8455 | Orc:1    | Noticed an orc high priest
  8485 | Orc:1    | Noticed an orc sorcerer
  8486 | Orc:1    | Noticed an orc warlord
  8492 | Orc:1    | Noticed an orc knight
  8874 | Orc:2    | Entered Level 2 of the Orcish Mines
  8907 | Orc:1    | Reached ****** piety under Uskayaw
  9385 | Orc:2    | Noticed a centaur warrior
  9399 | Orc:2    | Killed a centaur warrior
  9488 | Orc:2    | Noticed an orc knight
  9529 | Orc:1    | Mangled by an ogre

Illustrated notes

Levels and vault maps discovered:
D:1:      dpeg_arrival_signposts, layout_rooms,
          dilly_ecumenical_altar_fadedgnrine, hangedman_decor_slide_cut,
          supply_closet_lemuel, minmay_distorted
D:2:      layout_rooms, serial_shops, shop, nicolae_shop_stone,
          nicolae_shop_hallway_stairs
D:3:      layout_loops_cross, biasface_ghost_orc_armoury, serial_shops, shop,
          minmay_snake_closets
D:4:      layout_basic, dk_noncrumbling_4
D:5:      layout_cave_pools, nemelex_diamond_rough_becter, temple_hall,
          serial_shops, shop, chequers_serial_rivers_micro_b,
          lemuel_old_faithful, uniq_pikel
D:6:      layout_cave_pools
D:7:      layout_cave_pools
D:8:      layout_loops_corners, due_lair_maze_entry_diamond, uniq_maurice
D:9:      layout_irregular_city, zombieorc2_lemuel
Temple:   mainiacjoe_temple_hex_bubbles
Orc:1:    gammafunk_beogh_shrine, layout_caves
Orc:2:    st_orc_rangers, layout_diamond_mine, abandoned_shop

Skill      XL: |  1  2  3  4  5  6  7  8  9 10 11 |
---------------+----------------------------------+-----
Short Blades   | 2 3 4 5 6 7 8 |  8.5
Fighting       | 3 4 5 6 8 |  8.8
Shields        | 3 4 5 |  5.7
Armour         | 3 4 5 6 7 8 |  8.0
Invocations    | 3 5 7 |  7.1

Action                   |  1- 3 |  4- 6 |  7- 9 | 10-12 || total
-------------------------+-------+-------+-------+-------++-------
Melee: Rapier            |    89 |   151 |   296 |   485 ||  1021
       Bite              |    20 |    55 |    98 |   191 ||   364
       Headbutt          |       |       |    27 |       ||    27
  Use: Scroll            |     6 |     1 |    10 |     4 ||    21
       Potion            |       |     1 |     4 |       ||     5
 Stab: Paralysed         |       |       |     6 |    43 ||    49
Armor: Scale mail        |    32 |    34 |       |       ||    66
       Chain mail        |       |    12 |   139 |   183 ||   334
Dodge: Dodged            |    24 |    43 |    88 |   176 ||   331
Block: Buckler           |    17 |    27 |    99 |   209 ||   352
